Construct Infanterie Kompanie
Selects Luftwaffe Battlegroup
Selects Luftwaffe Pioneer Support
Fallschirmpioneer Squad Paradrop
Construct Luftwaffe Kompanie
Fallschirmpioneer Squad Paradrop
Selects Stuka Strafing Run
Selects Fallschirmjäger Squad Paradrop
Fallschirmjäger Squad Paradrop
Selects Flak 38 Anti-Air Emplacement
Selects Infantry Reserves
Luftwaffe Officer Quarters
Fallschirmjäger Squad Paradrop
Marder III M Tank Destroyer
Fallschirmjäger Squad Paradrop
Marder III M Tank Destroyer
Fallschirmjäger Squad Paradrop